 Dungeon Crawl Stone Soup version 0.27-a0-1202-ge72e49191c (webtiles) character file.

Game seed: 8046272328873661572

20 mordus the Magician (level 3, -4/25 HPs)
             Began as a Djinni Earth Elementalist on June 2, 2021.
             Slain by Terence
             ... wielding a +0 hand axe
              (7 damage)
             ... on level 1 of the Dungeon.
             The game lasted 00:02:59 (1310 turns).

mordus the Magician (Djinni Earth Elementalist)     Turns: 1310, Time: 00:03:00

Health: -4/25      AC:  2    Str:  7    XL:     3   Next: 0%
Gold:   33         EV: 12    Int: 17    God:
                   SH:  0    Dex: 13

rFire    + + .     SeeInvis .   g - +0 dagger
rCold    x . .     Faith    .   (no shield)
rNeg     . . .     Spirit   .   c - +0 robe
rPois    ∞         Reflect  .   (no helmet)
rElec    .         Harm     .   (no cloak)
rCorr    .         Rampage  .   (no gloves)
Will     .....                  (boots unavailable)
Stlth    ++........             (no amulet)
HPRegen  0.08/turn              (no ring)
MPRegen  0.00/turn              (no ring)

@: flying
A: sickness immunity, fire resistance 2, cold vulnerability 1, float, innate
caster, hp casting, extra vitality 1
a: no special abilities


You were on level 1 of the Dungeon.
You visited 1 branch of the dungeon, and saw 2 of its levels.

You collected 33 gold pieces.

Inventory:

Hand Weapons
 g - a +0 dagger (weapon)
Missiles
 b - 39 stones
Armour
 c - a +0 robe (worn)
Scrolls
 a - a scroll of identify {unknown}
 i - a scroll of fog {unknown}
 j - 2 scrolls of amnesia {unknown}
Potions
 d - a potion of lignification {unknown}
 e - a potion of heal wounds {unknown}
 f - a potion of attraction {unknown}
 h - a potion of magic {unknown}


   Skills:
 - Level 2.1 Dodging
 - Level 1.5 Stealth
 + Level 3.1 Spellcasting


You couldn't memorise any spells.
You knew the following spells:

 Your Spells              Type           Power      Damage    Failure   Level
a - Sandblast             Erth           26%        2d8       4%          1
b - Passwall              Tmut/Erth      10%        N/A       7%          2
c - Stone Arrow           Conj/Erth      26%        3d8       14%         3
d - Petrify               Tmut/Erth      13%        N/A       43%         4
e - Lee's Rapid Deconstr  Erth           6%         3d7*      78%         5
f - Magic Dart            Conj           52%        1d5       4%          1
Your spell library was empty.

Dungeon Overview and Level Annotations

Branches:
Dungeon (2/15)

Altars:

Shops:
D:2 [

Annotations:
D:1 Terence


Innate Abilities, Weirdness & Mutations

You are immune to sickness and miasma.
You are immune to poison.
Your flesh is very heat resistant. (rF++)
You are vulnerable to cold. (rC-)
You float through the air rather than walking.
You learn spells naturally, not from books.
Your magical power is your life essence.
You have superior vitality. (+4 HP)


Message History

Casting: Sandblast (safe; 4% risk of failure)
Confirm with . or Enter, or press ? or * to list all spells.
Aiming: Sandblast (safe; 4% risk of failure)
Press: ? - help, Shift-Dir - straight line, f - Terence
Aim: Terence, wielding a +0 hand axe and wearing a +0 chain mail (85% to hit)
The blast of sand hits Terence but does no damage.
The worm bites you. Terence hits you with a +0 hand axe.
Casting: Sandblast (safe; 4% risk of failure)
Confirm with . or Enter, or press ? or * to list all spells.
Aiming: Sandblast (safe; 4% risk of failure)
Press: ? - help, Shift-Dir - straight line, f/p - Terence
Aim: Terence, wielding a +0 hand axe and wearing a +0 chain mail (85% to hit)
The blast of sand hits Terence but does no damage.
Terence barely misses you. The worm closely misses you.
Casting: Sandblast (safe; 4% risk of failure)
Confirm with . or Enter, or press ? or * to list all spells.
Aiming: Sandblast (safe; 4% risk of failure)
Press: ? - help, Shift-Dir - straight line, f/p - Terence
Aim: Terence, wielding a +0 hand axe and wearing a +0 chain mail (85% to hit)
The blast of sand hits Terence but does no damage.
Terence hits you with a +0 hand axe.
Unknown command.
Casting: Sandblast (safe; 4% risk of failure)
Confirm with . or Enter, or press ? or * to list all spells.
Aiming: Sandblast (safe; 4% risk of failure)
Press: ? - help, Shift-Dir - straight line, f/p - Terence
Aim: Terence, wielding a +0 hand axe and wearing a +0 chain mail (85% to hit)
The blast of sand misses Terence.
Terence shouts, "ATTACK!!!"
Terence hits you with a +0 hand axe. The worm bites you.
* * * LOW HITPOINT WARNING * * *
Casting: Sandblast (safe; 4% risk of failure)
Confirm with . or Enter, or press ? or * to list all spells.
Aiming: Sandblast (safe; 4% risk of failure)
Press: ? - help, Shift-Dir - straight line, f/p - Terence
Aim: Terence, wielding a +0 hand axe and wearing a +0 chain mail (85% to hit)
The blast of sand hits Terence but does no damage.
* * * LOW HITPOINT WARNING * * *
Terence hits you with a +0 hand axe!
You die...

#.# ########## #.#
#........###.##
#.######.##...####### #.#
#.#..........# ♣## #.#
#.##...#####.# ..♣ #.#
#.##..## #.# ..♣ #.# #w##..#
#.# ..♣ #.# #@@...# #.#
..#♣#####.## ####.## #.##
...##..#.#.### #.# ##..## #
..#.#...###..#
##.######..#.###
...#≈#.#.#.#.#
##.#.......###...
..####.##.##.## #.###.....##
##.# ..♣
##.##.#...###..#..####.###.##
..#
#......#.#.##.#.......#.#.###
..♣
##.##.##.##.#.###.###........


You could see Terence and a worm.

Vanquished Creatures
  2 ball pythons (D:1)
  An endoplasm (D:1)
  3 goblins
  4 jackals (D:1)
  A kobold (D:2)
  5 bats (D:1)
  3 rats
19 creatures vanquished.

Notes
Turn   | Place    | Note
-------+----------+-------------------------------------------
     0 | D:1      | mordus the Djinni Earth Elementalist began the quest for
                  | the Orb.
     0 | D:1      | Reached XP level 1. HP: 15/15 MP: 0/0
   399 | D:1      | Reached XP level 2. HP: 20/21 MP: 0/0
   889 | D:2      | Reached skill level 3 in Spellcasting
   889 | D:2      | Found Yrown's Armour Boutique.
  1144 | D:2      | Noticed Terence
  1153 | D:1      | Reached XP level 3. HP: 17/25 MP: 0/0
  1153 | D:1      | Learned a level 1 spell: Magic Dart
  1310 | D:1      | Slain by Terence

Illustrated notes

Levels and vault maps discovered:
D:1:      saegor_arrival_under_anarchy, layout_loops_ring, minmay_surrounded
D:2:      layout_basic, serial_shops, nicolae_shop_window_shopping,
          minmay_misc_feat_ornament, uniq_terence

Skill      XL: |  1  2 |
---------------+-------+-----
Spellcasting   | 3 |  3.1
Dodging        | |  2.1
Stealth        | |  1.5

Action                   || total
-------------------------++-------
Melee: Unarmed           ||     2
       Dagger            ||    13
 Cast: Sandblast         ||    29
 Stab: Sleeping          ||     4
Armor: Robe              ||    16
Dodge: Dodged            ||    44

Table legend: (Time is in decaauts)
 A = Elapsed time spent in this place.
 B = Non-inter-level travel time spent in this place.
 C = Inter-level travel time spent in this place.
 D = Time resting spent in this place.
 E = Time spent auto-exploring this place.
 F = Levels seen in this place.
 G = Mean time per level.
                   A        B        C        D        E       F      G
               +--------+--------+--------+--------+--------+-----+--------+
         Total |   1312 |   1268 |     44 |    346 |    726 |   2 |  656.0 |
       Dungeon |   1312 |   1268 |     44 |    346 |    726 |   2 |  656.0 |
               +--------+--------+--------+--------+--------+-----+--------+

Top non-repeatable levels by time:
     D:1: 1268 daAuts
     D:2: 44 daAuts
